 Dungeon Crawl Stone Soup version 0.30.0-2-g1aa4bd4387 (webtiles) character file.

Game seed: 739809305586628600

123 Dadi the Chopper (level 5, 0/48 HPs)
             Began as a Hill Orc Monk on May 7, 2023.
             Slain by Terence
             ... wielding a +0 morningstar
              (8 damage)
             ... on level 3 of the Dungeon.
             The game lasted 00:02:57 (2732 turns).

Dadi the Chopper (Hill Orc Monk)                    Turns: 2732, Time: 00:02:58

Health: 0/48       AC:  5    Str: 16    XL:     5   Next: 7%
Magic:  5/5        EV: 12    Int: 10    God:
Gold:   138        SH:  0    Dex: 13    Spells: 4/4 levels left

rFire   . . .        a - +0 hand axe
rCold   . . .        d - orb {light}
rNeg    . . .        b - +0 robe
rPois   .            (no helmet)
rElec   .            (no cloak)
rCorr   .            h - +1 pair of gloves
SInv    .            p - +0 pair of boots
Will    .....        (no amulet)
Stlth   +            (no ring)
HPRegen 0.28/turn    (no ring)
MPRegen 0.09/turn

%: no passive effects
@: glowing
A: no striking features
a: no special abilities


You were on level 3 of the Dungeon.
You visited 1 branch of the dungeon, and saw 3 of its levels.

You collected 138 gold pieces.

Inventory:

Hand Weapons
 a - a +0 hand axe (weapon)
Armour
 b - a +0 robe (worn)
 d - an orb of light (worn)
 h - a +1 pair of gloves (worn)
 p - a +0 pair of boots (worn)
Scrolls
 n - a scroll of identify {unknown}
 r - a scroll of enchant weapon {unknown}
Potions
 c - a potion of ambrosia
 e - 2 potions of berserk rage {unknown}
 g - 2 potions of brilliance {unknown}
 j - a potion of might {unknown}
 k - a potion of degeneration {unknown}
 m - a potion of flight {unknown}
 o - a potion of mutation {unknown}
 q - a potion of lignification {unknown}
 s - a potion of haste {unknown}


   Skills:
 + Level 5.4 Fighting
 + Level 5.9 Axes
 - Level 2.4 Dodging


You had 4 spell levels left.
You didn't know any spells.
Your spell library contained the following spells:

 Spells                   Type           Power      Damage    Failure   Level
 Teleport Other           Tloc           0%         N/A       75%         3
 Volatile Blastmotes      Fire/Tloc      0%         2d10      75%         3
 Fulminant Prism          Conj/Hex       0%         3d5       98%         4
 Iskenderun's Mystic Bla  Conj/Tloc      0%         2d3       98%         4
 Freezing Cloud           Conj/Ice/Air   0%         6-21      100%        5
 Lee's Rapid Deconstruct  Erth           0%         3d4*      100%        5
 Simulacrum               Ice/Necr       0%         N/A       100%        6


Dungeon Overview and Level Annotations

Branches:
Dungeon (3/15)

Altars:

Annotations:
D:3 Terence


Message History

You hit Terence but do no damage. Terence barely misses you.
You hit Terence.
Terence is moderately wounded.
Terence hits you with a +0 morningstar!
You hit Terence but do no damage.
Terence is moderately wounded.
Terence hits you with a +0 morningstar.
You barely miss Terence.
Terence is moderately wounded.
Terence closely misses you.
You barely miss Terence.
Terence is moderately wounded.
Terence completely misses you.
You hit Terence but do no damage.
Terence is moderately wounded.
Terence barely misses you.
You barely miss Terence.
Terence is moderately wounded.
Terence barely misses you.
You hit Terence but do no damage.
Terence is moderately wounded.
Terence hits you with a +0 morningstar.
You hit Terence.
Terence is heavily wounded.
Terence hits you with a +0 morningstar!
* * * LOW HITPOINT WARNING * * *
As you read the scroll labelled JUALOI VOFIEHI, it crumbles to dust.
You assume a fearsome visage.
Terence looks frightened!
The dart slug looks frightened!
The jackal looks frightened!
It was a scroll of fear.
Cornered, the jackal turns to fight!
As you read the scroll labelled QAGOT RIXKE, it crumbles to dust.
It is a scroll of enchant armour.
Your +0 pair of gloves glows green for a moment.
Cornered, Terence turns to fight!
As you read the scroll labelled UDUWNI WUCLUGH, it crumbles to dust.
Your body is wracked with pain!
* * * LOW HITPOINT WARNING * * *
Terence convulses!
The jackal convulses!
The dart slug convulses!
It was a scroll of torment.
Terence hits you with a +0 morningstar!
You die...

#..# #...## #.# #..## #.##
####....####.### #... ##.###
#..............# ...
#....##..#...........## #.##
#....#..###...#####.†.###..#
#....#.# ##### #........#
###.#...####
######w.$....###..
............
#.@h..............
##..#######+
#@######.##......# ##..#####
### #...####... ........#
...... ## #.#.###.+ .###.###
..#.# .# #.# ###.# .# ... #
#.# $. .... ###.# .##.# .


You could see Terence, a dart slug (fleeing) and a jackal.

Vanquished Creatures
  4 gnolls
  3 adders
  2 worms (D:2)
  3 dart slugs
  4 endoplasms
  2 hobgoblins
  6 jackals
  2 quokkas
  7 ball pythons
  3 bats
  3 frilled lizards (D:2)
  3 goblins
  3 kobolds (D:1)
  4 rats
49 creatures vanquished.

Notes
Turn   | Place    | Note
-------+----------+-------------------------------------------
     0 | D:1      | Dadi the Hill Orc Monk began the quest for the Orb.
     0 | D:1      | Reached XP level 1. HP: 19/19 MP: 1/1
   372 | D:1      | Reached XP level 2. HP: 26/27 MP: 2/2
   459 | D:1      | You fall into a shaft and drop 1 floor!
   609 | D:2      | Reached XP level 3. HP: 34/34 MP: 3/3
   750 | D:2      | Got the Guide on Quantum Hypothermia
   966 | D:2      | Reached skill level 5 in Axes
  1553 | D:1      | Reached XP level 4. HP: 24/41 MP: 4/4
  2001 | D:1      | Reached skill level 5 in Fighting
  2605 | D:3      | Reached XP level 5. HP: 37/48 MP: 5/5
  2706 | D:3      | Noticed Terence
  2732 | D:3      | Slain by Terence

Illustrated notes

Levels and vault maps discovered:
D:1:      dpeg_arrival_renting, layout_loops_corners, minivault_5
D:2:      layout_loops_corners
D:3:      layout_rooms, chequers_ecumenical_altar_island,
          hangedman_decor_growths, kennysheep_generic_room_12, uniq_terence

Skill      XL: |  1  2  3  4 |
---------------+-------------+-----
Fighting       | 4 5 |  5.4
Axes           | 5 |  5.9
Dodging        | |  2.4

Action                     |  1- 3 |  4- 6 || total
---------------------------+-------+-------++-------
  Melee: Hand axe          |    89 |    72 ||   161
    Use: Scroll            |       |     3 ||     3
 Armour: Robe              |     6 |    18 ||    24
  Dodge: Dodged            |    53 |    44 ||    97
